 Dungeon Crawl Stone Soup version 0.27-a0-926-g0e6d9124c6 (webtiles) character file.

Game seed: 14389625471831839364

2813 vkdlvnl the Geomancer (level 9, -6/51 HPs)
             Began as a Gargoyle Earth Elementalist on Apr 10, 2021.
             Shot with a sling bullet by Joseph (15 damage)
             ... on level 7 of the Dungeon.
             The game lasted 00:19:35 (7539 turns).

vkdlvnl the Geomancer (Gargoyle Earth Elementalist) Turns: 7539, Time: 00:19:36

Health: -6/51      AC: 11    Str: 17    XL:     9   Next: 72%
Magic:  1/18       EV: 16    Int: 20    God:
Gold:   635        SH:  0    Dex: 10    Spells: 11/20 levels left

rFire    . . .     SeeInvis .   k - +1 mace (vorpal)
rCold    . . .     Faith    .   (no shield)
rNeg     + . .     Spirit   .   D - +1 robe {Will+}
rPois    ∞         Reflect  .   (no helmet)
rElec    +         Harm     .   B - +1 cloak
rCorr    .         Rampage  .   (no gloves)
Will     +....                  (no boots)
Stlth    ++........             e - amulet of regeneration
HPRegen  1.17/turn              j - +4 ring of evasion
MPRegen  0.16/turn              C - +6 ring of strength

@: no status effects
A: AC +6, negative energy resistance 1, electricity resistance, torment
resistance 1, unbreathing 1, petrification resistance
a: no special abilities


You were on level 7 of the Dungeon.
You visited 2 branches of the dungeon, and saw 8 of its levels.
You also visited: Sewer and Ossuary.

You collected 635 gold pieces.

Inventory:

Hand Weapons
 k - a +1 vorpal mace (weapon)
 q - a +0 flail
Missiles
 b - 166 stones
 g - a curare-tipped dart
 x - 2 throwing nets
Armour
 B - a +1 cloak (worn)
 D - a +1 robe of willpower (worn)
Jewellery
 e - an amulet of regeneration (around neck)
 j - a +4 ring of evasion (left hand)
 n - a ring of protection from fire
 C - a +6 ring of strength (right hand)
 E - a +6 ring of strength
 F - a ring of resist corrosion
Wands
 r - a wand of polymorph (4)
Scrolls
 i - a scroll of blinking
 u - a scroll of fear
 v - a scroll of teleportation
 w - a scroll of magic mapping
 y - a scroll of summoning
 A - a scroll of brand weapon
Potions
 a - 2 potions of invisibility
 c - a potion of degeneration {unknown}
 d - 8 potions of curing
 f - 2 potions of cancellation
 h - 3 potions of brilliance
 l - 4 potions of might
 m - 2 potions of flight
 o - 4 potions of heal wounds
 p - a potion of berserk rage
 s - a potion of resistance
 t - 2 potions of lignification
 z - a potion of magic {unknown}


   Skills:
 + Level 3.3 Fighting
 + Level 3.1 Maces & Flails
 + Level 3.2 Armour
 + Level 3.1 Dodging
 - Level 2.1 Stealth
 + Level 6.0 Spellcasting
 + Level 6.3 Conjurations
 - Level 0.7 Transmutations
 + Level 8.4 Earth Magic
 + Level 2.8 Evocations


You had 11 spell levels left.
You knew the following spells:

 Your Spells              Type           Power      Damage    Failure   Level
a - Sandblast             Erth           78%        2d17      1%          1
b - Stone Arrow           Conj/Erth      70%        3d11      1%          3
c - Lee's Rapid Deconstr  Erth           19%        3d12*     9%          5

Your spell library contained the following spells:

 Spells                   Type           Power      Damage    Failure   Level
 Passwall                 Tmut/Erth      20%        N/A       2%          2
 Petrify                  Tmut/Erth      24%        N/A       16%         4


Dungeon Overview and Level Annotations

Branches:
Dungeon (7/15)             Temple (1/1) D:4           Sewer (visited)
Ossuary (visited)

Altars:
Ashenzari
Cheibriados
Dithmenos
Elyvilon
Fedhas
Gozag
Hepliaklqana
Kikubaaqudgha
Makhleb
Nemelex Xobeh
Okawaru
Ru
Trog
Uskayaw
Wu Jian
Xom
Yredelemnul
Zin
The Shining One

Shops:
D:2 (   D:7 *

Annotations:
D:4 Pikel
D:7 Joseph


Innate Abilities, Weirdness & Mutations

Your stone body is resilient. (AC +6)
You are immune to poison.
You resist negative energy. (rN+)
You are resistant to electric shocks. (rElec)
You are resistant to unholy torment.
You can survive without breathing.
You are immune to petrification.


Message History

Unknown command.
Aiming: Polymorph
Press: ? - help, Shift-Dir - straight line, f/p - orc warrior
Aim: an orc warrior, wielding a +0 mace and wearing a +0 chain mail (severely wounded, will become a centaur, a boggart, or a killer bee, chance to affect: 53%)
The orc warrior evaporates and reforms as a boggart!
An orc comes into view. It is wielding a +0 short sword.
The boggart picks up a +0 mace.
The boggart wields a +0 mace.
The wyvern skeleton bites you.
The boggart casts a spell.
The boggart blinks!
Casting: Stone Arrow (safe; 1% risk of failure)
Confirm with . or Enter, or press ? or * to list all spells.
Aiming: Sandblast (safe; 1% risk of failure)
Press: ? - help, Shift-Dir - straight line, f - wyvern skeleton, p - boggart
Aim: a wyvern skeleton (2% to evade)
The blast of sand hits the wyvern skeleton!!
The wyvern skeleton is severely damaged.
The wyvern skeleton barely misses you.
Unknown command.
Joseph, a Mercenary comes into view.
He is wielding a +0 quarterstaff.
Joseph shouts!
Joseph unwields a +0 quarterstaff.
Joseph wields a +1 hunting sling of freezing.
It is covered in frost.
Joseph shoots a sling bullet.
The sling bullet closely misses you.
The wyvern skeleton completely misses you.
The boggart casts a spell.
Joseph shoots a sling bullet.
The sling bullet hits you! The sling bullet freezes you.
Joseph shoots a sling bullet.
The sling bullet hits you! The sling bullet freezes you.
The wyvern skeleton barely misses you.
Joseph shoots a sling bullet.
The sling bullet hits you!
* * * LOW HITPOINT WARNING * * *
The sling bullet freezes you.
* * * LOW HITPOINT WARNING * * *
There is a stone staircase leading up here.
The wyvern skeleton misses you.
Joseph shoots a sling bullet.
The sling bullet hits you!
You die...

#.###.# ##.# ## #
#.# #.####..#
.###.. #.#
#.......####.#.)))
#.#
##......##...)..#.
#.#
#........Yg[o....
#.#
#.....Y.#......##
#.>...###...:....
#...oZ##..####...
#....@#..## ##
........#.#
.@..###... ....
..## ... ..# ..
#..# ...# .#..


You could see Joseph, a sky beast, an orc and a wyvern skeleton.

Vanquished Creatures
  Sigmund (D:5)
  A water moccasin (D:6)
  5 ice beasts
  3 black bears
  2 necrophages
  4 phantoms
  2 kobold brigands (Sewer)
  4 lemures (D:4)
  4 scorpions
  A water moccasin skeleton (D:5)
  A bullfrog zombie (D:5)
  A centaur skeleton (D:6)
  3 jellies
  A gnoll shaman (D:4)
  An iron imp (D:4)
  2 orc priests
  Crazy Yiuf (D:5)
  Ijyb (D:3)
  2 iguanas
  2 orc wizards (D:6)
  A hound zombie (D:5)
  8 mummies (Ossuary)
  11 adders
  7 gnolls
  6 river rats (Sewer)
  2 shadow imps
  2 ufetubi
  An adder skeleton (D:4)
  2 worms (D:3)
  A dart slug (D:1)
  2 orcs
  10 ball pythons
  4 endoplasms
  7 giant cockroaches
  A gnoll zombie (Ossuary)
  5 goblins
  11 hobgoblins
  18 jackals
  22 kobolds
  2 quokkas
  3 bats
  8 frilled lizards
  A hobgoblin zombie (Ossuary)
  4 kobold zombies (Ossuary)
  2 orc zombies (Ossuary)
  24 rats
207 creatures vanquished.

Notes
Turn   | Place    | Note
-------+----------+-------------------------------------------
     0 | D:1      | vkdlvnl the Gargoyle Earth Elementalist began the quest for
                  | the Orb.
     0 | D:1      | Reached XP level 1. HP: 10/10 MP: 3/3
   230 | D:1      | Reached XP level 2. HP: 15/15 MP: 5/5
   297 | D:1      | Reached skill level 4 in Earth Magic
   751 | D:1      | Found a faded altar of an unknown god.
   916 | D:2      | Reached XP level 3. HP: 19/19 MP: 3/6
   997 | D:2      | Learned a level 3 spell: Stone Arrow
  1031 | D:2      | Found Opuuwufi's Antique Weapon Boutique.
  1274 | D:2      | Reached skill level 1 in Conjurations
  1308 | D:2      | Reached XP level 4. HP: 24/24 MP: 6/8
  1729 | D:3      | Found an iron altar of Okawaru.
  1776 | D:3      | Reached skill level 5 in Earth Magic
  1795 | D:3      | Found a hide-covered altar of Uskayaw.
  1929 | D:3      | Found a glowing drain.
  1937 | Sewer    | Entered a sewer
  2004 | Sewer    | Reached XP level 5. HP: 27/28 MP: 4/9
  2182 | Sewer    | Noticed a kobold brigand
  2197 | Sewer    | Killed a kobold brigand
  2313 | Sewer    | Reached XP level 6. HP: 32/32 MP: 11/11
  2544 | Sewer    | Reached skill level 6 in Earth Magic
  2739 | D:3      | Noticed Ijyb
  2746 | D:3      | Killed Ijyb
  3317 | D:4      | Found a sand-covered staircase.
  3327 | Ossuary  | Entered an ossuary
  3656 | Ossuary  | Reached XP level 7. HP: 36/36 MP: 0/13
  4330 | D:4      | Found a snail-covered altar of Cheibriados.
  4530 | D:4      | Noticed Pikel
  4735 | D:4      | Reached skill level 7 in Earth Magic
  4905 | D:4      | Reached skill level 5 in Spellcasting
  4980 | D:4      | Reached skill level 5 in Conjurations
  4980 | D:4      | Reached XP level 8. HP: 29/41 MP: 15/15
  4987 | D:4      | Learned a level 5 spell: Lee's Rapid Deconstruction
  5212 | D:4      | Found a staircase to the Ecumenical Temple.
  5279 | Temple   | Entered the Ecumenical Temple
  5620 | D:4      | Reached skill level 1 in Fighting
  5620 | D:4      | Reached skill level 1 in Maces & Flails
  5620 | D:4      | Reached skill level 1 in Armour
  5620 | D:4      | Reached skill level 1 in Evocations
  5742 | D:5      | Entered Level 5 of the Dungeon
  5830 | D:5      | Noticed Sigmund
  6246 | D:5      | Killed Sigmund
  6247 | D:5      | Reached XP level 9. HP: 48/48 MP: 2/17
  6404 | D:5      | Reached skill level 8 in Earth Magic
  6541 | D:5      | Found a runed translucent door.
  6542 | D:5      | Noticed Crazy Yiuf
  6548 | D:5      | Killed Crazy Yiuf
  6607 | D:5      | Found a sparkling altar of Nemelex Xobeh.
  7029 | D:6      | Found a bloodstained altar of Trog.
  7418 | D:7      | Found Plog's General Store.
  7418 | D:7      | Found a sacrificial altar of Ru.
  7490 | D:7      | Found a shadowy altar of Dithmenos.
  7490 | D:7      | Found a hazy altar of Hepliaklqana.
  7491 | D:7      | Found a glowing golden altar of the Shining One.
  7535 | D:7      | Noticed Joseph
  7539 | D:7      | Shot with a sling bullet by Joseph

Illustrated notes

Levels and vault maps discovered:
D:1:      saegor_arrival_simple_b, layout_rooms, ebering_ecumenical_altar_box
D:2:      layout_rooms, serial_shops, shop
D:3:      layout_loops_ring, nicolae_overflow_crystal_walls,
          general_overflow_altar, portal_sewer_entry_b, minmay_misc_feat_plants,
          uniq_ijyb
D:4:      layout_loops_corners, slow_altar_1, temple_green,
          chequers_ossuary_entry_cave, uniq_pikel
D:5:      layout_cave_pools, kennysheep_little_box, uniq_crazy_yiuf_cottage,
          uniq_sigmund
D:6:      layout_rooms, lemuel_round_altar
D:7:      layout_rooms, chequers_temple_overflow_statue_of_worship,
          led_sif_book, serial_shops, shop_fountains,
          chequers_serial_rivers_micro_e, uniq_joseph, uniq_maggie
Temple:   chequers_temple_sunken

Skill      XL: |  1  2  3  4  5  6  7  8  9 |
---------------+----------------------------+-----
Earth Magic    | 4 5 6 7 8 |  8.4
Conjurations   | 1 2 3 5 6 |  6.3
Spellcasting   | 3 4 5 6 |  6.0
Fighting       | 2 3 |  3.3
Maces & Flails | 2 3 |  3.1
Armour         | 2 3 |  3.2
Evocations     | 2 |  2.8
Dodging        | 2 3 |  3.1
Stealth        | |  2.1
Transmutations | |  0.7

Action                   |  1- 3 |  4- 6 |  7- 9 || total
-------------------------+-------+-------+-------++-------
Melee: Unarmed           |     2 |       |       ||     2
       Club              |    31 |       |       ||    31
       Mace              |    35 |   295 |   331 ||   661
 Cast: Sandblast         |    36 |    18 |    40 ||    94
       Stone Arrow       |       |    12 |    20 ||    32
       Lee's Rapid Decon |       |       |     8 ||     8
Evoke: Wand              |       |       |     3 ||     3
  Use: Scroll            |       |    11 |     9 ||    20
       Potion            |       |       |     1 ||     1
 Stab: Sleeping          |       |     2 |     3 ||     5
Armor: Robe              |    32 |   173 |   141 ||   346
Dodge: Dodged            |    80 |   498 |   358 ||   936

Table legend: (Time is in decaauts)
 A = Elapsed time spent in this place.
 B = Non-inter-level travel time spent in this place.
 C = Inter-level travel time spent in this place.
 D = Time resting spent in this place.
 E = Time spent auto-exploring this place.
 F = Levels seen in this place.
 G = Mean time per level.
                   A        B        C        D        E       F      G
               +--------+--------+--------+--------+--------+-----+--------+
         Total |   7851 |   7643 |    208 |   1246 |   4060 |  10 |  785.1 |
       Dungeon |   5831 |   5630 |    201 |    583 |   3574 |   7 |  833.0 |
        Temple |    228 |    221 |      7 |      0 |    220 |   1 |  228.0 |
         Sewer |    831 |    831 |      0 |     42 |    265 |   1 |  831.0 |
       Ossuary |    958 |    958 |      0 |    621 |      1 |   1 |  958.0 |
               +--------+--------+--------+--------+--------+-----+--------+

Top non-repeatable levels by time:
     D:4: 1543 daAuts
 Ossuary: 958 daAuts
     D:3: 933 daAuts
     D:1: 919 daAuts
     D:5: 857 daAuts
   Sewer: 831 daAuts
     D:2: 741 daAuts
     D:6: 716 daAuts
  Temple: 228 daAuts
     D:7: 120 daAuts
